 Dungeon Crawl Stone Soup version 0.24.0-28-g17ded55e90 (webtiles) character file.

Game seed: 13542640593416113977, levelgen mode: deterministic

455 Nattfarinn the Ogre Mage (level 7, -2/71 HPs)
             Began as an Ogre Wizard on Nov 11, 2019.
             Slain by an ogre
             ... wielding a +0 giant spiked club
              (31 damage)
             ... on level 3 of the Dungeon.
             The game lasted 00:08:27 (4584 turns).

Nattfarinn the Ogre Mage (Ogre Wizard)              Turns: 4584, Time: 00:08:27

Health: -2/71      AC:  4    Str: 12    XL:     7   Next: 5%
Magic:  5/15       EV: 10    Int: 21    God:
Gold:   213        SH:  0    Dex:  7    Spells: 15/16 levels left

rFire    . . .     SeeInvis .   c - +2 short sword (speed)
rCold    . . .     Gourm    .   (no shield)
rNeg     . . .     Faith    .   a - +0 robe
rPois    .         Spirit   .   b - +0 hat
rElec    .         Reflect  .   i - +0 cloak
rCorr    .         Harm     .   (gloves unavailable)
MR       .....                  (boots unavailable)
Stlth    +.........             (no amulet)
HPRegen  0.21/turn              (no ring)
MPRegen  0.14/turn              (no ring)

@: lethally poisoned (-2 -> -6)
A: large, unfitting armour, tough skin 1
a: no special abilities


You were on level 3 of the Dungeon.
You were not hungry.

You visited 1 branch of the dungeon, and saw 4 of its levels.

You collected 213 gold pieces.

Inventory:

Hand Weapons
 c - a +2 short sword of speed (weapon)
Missiles
 o - 6 javelins (quivered)
 t - 7 boomerangs of dispersal
Armour
 a - a +0 robe (worn)
 b - a +0 hat (worn)
 i - a +0 cloak (worn)
Jewellery
 v - a +3 ring of slaying {unknown}
Wands
 p - a wand of digging (6)
Scrolls
 e - 2 scrolls of teleportation {unknown}
 f - a scroll of fog {unknown}
 h - 2 scrolls of identify {unknown}
 k - 2 scrolls of remove curse {unknown}
 m - a scroll of enchant armour {unknown}
 n - a scroll of random uselessness {unknown}
 r - 3 scrolls of amnesia {unknown}
 u - a scroll of fear {unknown}
Potions
 g - a potion of brilliance
 l - 2 potions of might {unknown}
 s - a potion of degeneration {unknown}
Comestibles
 d - 4 rations


   Skills:
 + Level 4.3 Fighting
 - Level 1.7 Dodging
 - Level 1.4 Stealth
 + Level 5.3 Spellcasting
 * Level 4.5 Conjurations
   Level 0.8 Summonings
   Level 0.8 Translocations


You had 15 spell levels left.
You knew the following spells:

 Your Spells              Type           Power        Failure   Level  Hunger
a - Magic Dart            Conj           ###.         1%          1    None

Your spell library contained the following spells:

 Spells                   Type           Power        Failure   Level  Hunger
 Blink                    Tloc           N/A          11%         2    None
 Call Imp                 Summ           #.......     11%         2    None
 Conjure Flame            Conj/Fire      ###.....     12%         3    ##.....
 Slow                     Hex            #.......     16%         2    None
 Mephitic Cloud           Conj/Pois/Air  ##......     17%         3    ##.....


Dungeon Overview and Level Annotations

Branches:
Dungeon (4/15)
 Temple: D:4-7

Altars:


Innate Abilities, Weirdness & Mutations

You are too large for most types of armour.
You have tough skin. (AC +1)


Message History

Aim: an ogre, wielding a +0 giant spiked club (heavily wounded)
The magic dart hits the ogre.
The ogre is severely wounded.
Casting: Magic Dart (safe; 1% risk of failure)
Confirm with . or Enter, or press ? or * to list all spells.
Aiming: Magic Dart (safe; 1% risk of failure)
Press: ? - help, Shift-Dir - straight line, f/p - ogre
Aim: an ogre, wielding a +0 giant spiked club (severely wounded)
The magic dart hits the ogre.
The ogre is almost dead.
You feel sick. The ogre closely misses you.
Casting: Magic Dart (safe; 1% risk of failure)
Confirm with . or Enter, or press ? or * to list all spells.
Aiming: Magic Dart (safe; 1% risk of failure)
Press: ? - help, Shift-Dir - straight line, f/p - ogre
Aim: an ogre, wielding a +0 giant spiked club (almost dead)
The magic dart hits the ogre.
The ogre is almost dead.
The ogre hits you with a +0 giant spiked club!!
You die...

####### #########
#################.###
....................#
#################.#.#
# #.#.# # #.#.#######
# #.#.......# #
####.#######.# ##♣#
#.O@.# #.# #P≈♣#
#(#### #.# ≈P≈P♣# #.#
#.# ≈P≈≈≈##### #.#
#.# ♣≈≈≈♣....#####.#
#.# P≈≈≈≈..........#
#.# ≈≈≈≈≈...≈##....#
#.# ≈≈≈P≈...PP#...##
#.# ≈≈≈≈...≈≈♣♣#.##
#.#


You could see an ogre.

Vanquished Creatures
  Edmund (D:4)
  A scorpion (D:4)
  An orc priest (D:4)
  An iguana (D:4)
  2 worker ants
  4 gnolls
  2 howler monkey skeletons (D:4)
  5 adders
  4 worms
  A leopard gecko (D:1)
  5 orcs
  5 giant cockroaches
  3 goblins
  11 hobgoblins
  2 quokkas
  3 ball pythons
  5 bats
  6 frilled lizards
  A jackal skeleton (D:4)
  6 kobolds
  A rat (D:2)
70 creatures vanquished.

Vanquished Creatures (others)
  A hobgoblin (D:3)
1 creature vanquished.

Grand Total: 71 creatures vanquished

Notes
Turn   | Place    | Note
-------+----------+-------------------------------------------
     0 | D:1      | Nattfarinn the Ogre Wizard began the quest for the Orb.
     0 | D:1      | Reached XP level 1. HP: 16/16 MP: 5/5
   188 | D:1      | Reached skill level 1 in Conjurations
   220 | D:1      | Reached XP level 2. HP: 2/26 MP: 0/6
   552 | D:1      | Reached skill level 1 in Fighting
  1031 | D:2      | Reached XP level 3. HP: 32/33 MP: 8/8
  1040 | D:2      | Reached skill level 4 in Spellcasting
  1616 | D:2      | Reached XP level 4. HP: 42/42 MP: 3/10
  2425 | D:3      | Reached XP level 5. HP: 50/50 MP: 6/11
  3165 | D:4      | HP: 1/52 [orc priest/divine providence (16)]
  4044 | D:4      | Reached XP level 6. HP: 40/61 MP: 5/13
  4305 | D:4      | Reached skill level 5 in Spellcasting
  4539 | D:4      | Noticed Edmund
  4568 | D:4      | Killed Edmund
  4568 | D:4      | Reached XP level 7. HP: 35/71 MP: 13/15
  4584 | D:3      | Slain by an ogre

Levels and vault maps discovered:
D:1:      dpeg_arrival_rooms_b, layout_rooms
D:2:      layout_basic
D:3:      layout_loops_ring, minmay_misc_feat_room, serial_bayou_ford_a,
          lemuel_flame_loot_1
D:4:      layout_rooms, serial_forest, infiniplex_forest_straight_3,
          infiniplex_forest_end_2, infiniplex_forest_clump_double,
          infiniplex_forest_clump_large, infiniplex_forest_straight_3,
          infiniplex_forest_diagonal, infiniplex_forest_straight_2,
          infiniplex_forest_lined_ring, infiniplex_forest_clump_small,
          infiniplex_forest_corner_1, hangedman_decor_clover_reticule,
          uniq_edmund

Skill      XL: |  1  2  3  4  5  6 |
---------------+-------------------+-----
Conjurations   | 1 2 3 4 |  4.5
Fighting       | 1 2 3 4 |  4.3
Spellcasting   | 4 5 |  5.3
Dodging        | |  1.7
Stealth        | |  1.4
Summonings     | |  0.8
Translocations | |  0.8

Action                   |  1- 3 |  4- 6 |  7- 9 || total
-------------------------+-------+-------+-------++-------
Melee: Short sword       |    75 |    39 |       ||   114
       Unarmed           |     7 |       |       ||     7
Throw: Javelin           |       |     2 |     1 ||     3
       Large rock        |       |     5 |       ||     5
 Cast: Magic Dart        |    46 |   129 |    10 ||   185
  Use: Potion            |       |     3 |     2 ||     5
  Eat: Chunk             |     2 |     9 |       ||    11
Armor: Robe              |    48 |    13 |     1 ||    62
Dodge: Dodged            |    55 |    28 |     6 ||    89
